 Dungeon Crawl Stone Soup version 0.31-a0-965-g8a8ce12e04 (webtiles) character file.

Game seed: 5381865424472879840

162 tsujin the Ruffian (level 5, -2/55 HPs)
             Began as a Demonspawn Shapeshifter on Oct 26, 2023.
             Slain by Grinder (6 damage)
             ... on level 3 of the Dungeon.
             The game lasted 00:03:54 (1561 turns).

tsujin the Ruffian (Demonspawn Shapeshifter)        Turns: 1561, Time: 00:03:55

Health: -2/55      AC:  8    Str: 17    XL:     5   Next: 19%
Magic:  5/5        EV: 11    Int: 11    God:
Gold:   103        SH:  0    Dex: 12    Spells: 4/4 levels left

rFire   . .          .
                       - Unarmed
rCold   . . .        (no shield)
rNeg    . . .        e - +1 ring mail
rPois   .            (helmet currently unavailable)
rElec   .            (cloak currently unavailable)
rCorr   .            (gloves currently unavailable)
SInv    .            (boots currently unavailable)
Will    .....        (no amulet) Stlth
                     (no ring)
HPRegen 0.29/turn    (no ring)
MPRegen 0.09/turn

%: no passive effects
@: berserking, beast-form, very quick
A: beast (slay +1), thin metallic scales 1, demonic touch 1
a: Begin Untransformation


You were on level 3 of the Dungeon.
You were a hulking beast.
You visited 1 branch of the dungeon, and saw 3 of its levels.

You collected 103 gold pieces.

Inventory:

Armour
 e - a +1 ring mail (worn)
Magical Staves
 a - a staff of death
Jewellery
 g - an amulet of regeneration
Talismans
 c - a beast talisman
 d - a flux talisman
Scrolls
 h - a scroll of amnesia
Potions
 f - a potion of enlightenment


   Skills:
 + Level 1.2 Fighting
 + Level 0.3 Armour
 - Level 1.7 Dodging
 + Level 0.4 Stealth
 + Level 5.1 Unarmed Combat
 * Level 2.9 Shapeshifting


You had 4 spell levels left.
You didn't know any spells.
Your spell library contained the following spells:

 Spells                   Type           Power      Damage    Failure   Level
 Kiss of Death            Conj/Necr      0%         2d5       54%         1
 Ensorcelled Hibernation  Hex/Ice        0%         N/A       69%         2
 Passwall                 Tmut/Erth      0%         N/A       69%         2
 Confusing Touch          Hex            0%         N/A       89%         3
 Swiftness                Air            0%         N/A       89%         3
 Dispel Undead            Necr           0%         3d6       100%        4


Dungeon Overview and Level Annotations

Branches:
Dungeon (3/15)

Altars:

Shops:
D:1 ?   D:2 !

Annotations:
D:3 Grinder


Innate Abilities, Weirdness & Mutations

You are a hulking beast.
Your limbs bulge with bestial killing power. (Slay +1)
You are partially covered in thin metallic scales. (AC +2)
Your touch may inflict minor irresistible damage on your foes.


Message History

You are too injured to fight recklessly!
Items here: )) [[ †.
You hit Grinder.
Grinder is lightly wounded.
Grinder hits you!
You writhe in agony.
You take 12 damage, and have 13/37 hp.
MASSIVE DAMAGE!!
You hit Grinder.
Grinder is lightly wounded.
Grinder hits you.
* * * LOW HITPOINT WARNING * * *
You writhe in agony.
* * * LOW HITPOINT WARNING * * *
You take 7 damage, and have 6/37 hp.
You hit Grinder.
Grinder is lightly wounded.
Grinder closely misses you.
You hit Grinder. Your touch misses Grinder.
Grinder is moderately wounded.
Grinder gestures at you.
You suddenly lose the ability to move!
Grinder hits you but does no damage. x3
Grinder completely misses you.
You can move again.
You regained 2 hp, and now have 8/37 hp.
You hit Grinder.
Grinder is moderately wounded.
Grinder hits you.
* * * LOW HITPOINT WARNING * * *
You writhe in agony.
* * * LOW HITPOINT WARNING * * *
You take 6 damage, and have 2/37 hp.
You hit Grinder.
Grinder is heavily wounded.
Grinder closely misses you.
A red film seems to cover your vision as you go berserk!
You feel yourself moving faster!
You feel mighty!
Grinder says, "Just stop there for a second..."
Grinder hits you.
You die...
Grinder says, "Now the real fun starts!"

# #............# ..
#............# ...
#............# ....
#............#
.....##............#
...................#
............########
........###5#######
........# #h.......
........###........
........##......... #
##+##...#..†....... ##
#.##.....#........ .###
#.##....##........
...####.##....##........
##....#.##....##........
####.#.####..##........


You could see Grinder.

Vanquished Creatures
  Terence (D:2)
  3 adders (D:2)
  4 gnolls (D:2)
  A worm (D:2)
  2 orcs (D:3)
  6 endoplasms
  3 giant cockroaches
  5 goblins
  5 hobgoblins
  3 jackals (D:1)
  3 kobolds
  4 quokkas
  7 ball pythons
  7 bats
  4 frilled lizards
  8 rats
66 creatures vanquished.

Notes
Turn   | Place    | Note
-------+----------+-------------------------------------------
     0 | D:1      | tsujin the Demonspawn Shapeshifter began the quest for the
                  | Orb.
     0 | D:1      | Reached XP level 1. HP: 15/15 MP: 1/1
    30 | D:1      | Reached skill level 3 in Unarmed Combat
   111 | D:1      | Gained mutation: You are partially covered in thin metallic
                  | scales. (AC +2) [demonic ancestry]
   111 | D:1      | Reached XP level 2. HP: 11/21 MP: 2/2
   154 | D:1      | Found Feerya's Magic Scroll Shoppe.
   351 | D:1      | Reached XP level 3. HP: 26/26 MP: 3/3
   531 | D:1      | Reached skill level 4 in Unarmed Combat
   773 | D:2      | Noticed Terence
   779 | D:2      | Killed Terence
   780 | D:2      | Gained mutation: Your touch may inflict minor irresistible
                  | damage on your foes. [demonic ancestry]
   780 | D:2      | Reached XP level 4. HP: 8/32 MP: 4/4
   923 | D:2      | Found Ycoinon's Distillery.
  1112 | D:2      | Reached skill level 5 in Unarmed Combat
  1221 | D:2      | Reached XP level 5. HP: 37/37 MP: 5/5
  1531 | D:3      | Noticed Grinder
  1537 | D:3      | Paralysed by Grinder for 3 turns
  1554 | D:3      | Paralysed by Grinder for 4 turns
  1561 | D:3      | Slain by Grinder

Illustrated notes

Levels and vault maps discovered:
D:1:      elethiomel_arrival_shortcut, layout_rooms, serial_shops, shop_statue
D:2:      minmay_recursive_quarters, layout_basic, serial_shops, shop,
          uniq_terence
D:3:      layout_basic, chequers_ecumenical_altar_simple_redux, uniq_grinder

Skill      XL: |  1  2  3  4 |
---------------+-------------+-----
Unarmed Combat | 3 4 5 |  5.1
Fighting       | |  1.2
Armour         | |  0.3
Dodging        | |  1.7
Stealth        | |  0.4
Shapeshifting  | |  2.9

Action                     |  1- 3 |  4- 6 || total
---------------------------+-------+-------++-------
  Melee: Unarmed           |   114 |    56 ||   170
         Punch             |     3 |     2 ||     5
         Touch             |       |    14 ||    14
    Use: Scroll            |     3 |     4 ||     7
         Potion            |     1 |     1 ||     2
 Armour: Animal skin       |     9 |       ||     9
         Ring mail         |    59 |    35 ||    94
         Skin              |     2 |       ||     2
  Dodge: Dodged            |    75 |    33 ||   108

Table legend: (Time is in decaauts)
 A = Elapsed time spent in this place.
 B = Non-inter-level travel time spent in this place.
 C = Inter-level travel time spent in this place.
 D = Time resting spent in this place.
 E = Time spent auto-exploring this place.
 F = Levels seen in this place.
 G = Mean time per level.
                   A        B        C        D        E       F      G
               +--------+--------+--------+--------+--------+-----+--------+
         Total |   1548 |   1521 |     27 |    153 |    967 |   3 |  516.0 |
       Dungeon |   1548 |   1521 |     27 |    153 |    967 |   3 |  516.0 |
               +--------+--------+--------+--------+--------+-----+--------+

Top non-repeatable levels by time:
     D:2: 864 daAuts
     D:1: 590 daAuts
     D:3: 93 daAuts
